 Dungeon Sprint DCSS version 0.21-a0-47-g7c8f537 (webtiles) character file.

1859 Kidiri the Grappler (level 8, 0/84 HPs)
             Began as a Troll Monk on June 8, 2017.
             Was a High Priest of Wu Jian.
             Slain by an ufetubus (2 damage)
             ... summoned by a ynoxinul
             ... in the Dungeon (Sprint VII: "The Pits").
             The game lasted 00:04:07 (470 turns).

Kidiri the Grappler (Troll Monk)                     Turns: 470, Time: 00:04:07

Health: 0/84       AC:  5    Str: 23    XL:     8   Next: 89%
Magic:  7/7        EV:  1    Int:  8    God:    Wu Jian [*****.]
Gold:   0          SH:  0    Dex: 17    Spells: 7/7 levels left

rFire    . . .     SeeInvis .     - Unarmed
rCold    . . .     Gourm    +   (no shield)
rNeg     + + +     Faith    .   a - +0 robe
rPois    ∞         Spirit   .   (helmet restricted)
rElec    .         Reflect  .   (no cloak)
rCorr    .         Harm     .   (gloves unavailable)
MR       .....     Clarity  +   (boots unavailable) Stlth +++.......NoTele +
                                (no amulet)
Regen    0.7/turn               q - +3 ring of strength
MPRegen  0.1/turn               r - +3 ring of dexterity

@: petrified
A: unfitting armour, claws 3, clarity, clever 1, fast metabolism 3, gourmand,
regeneration 1, shaggy fur 1, tough skin 2
a: Serpent's Lash, Heavenly Storm, Renounce Religion


You were in the Dungeon.
You worshipped Wu Jian.
Wu Jian was extremely pleased with you.
You were not hungry.

You visited 1 branch

Inventory:

Armour
 a - a +0 robe (worn)
Jewellery
 q - a +3 ring of strength (left claw)
 r - a +3 ring of dexterity (right claw)
Scrolls
 h - a scroll of blinking
 j - 3 scrolls of remove curse
 k - 5 scrolls of amnesia
 l - a scroll of summoning
Potions
 c - 6 potions of curing
 d - 7 potions of heal wounds
 e - 2 potions of haste
 f - 4 potions of magic
 g - 3 potions of berserk rage
 i - 2 potions of invisibility
 p - 2 potions of brilliance
 s - 3 potions of might
Comestibles
 b - 9 bread rations
 m - 40 fruits
 n - 7 meat rations
 o - 3 chunks of flesh


   Skills:
 + Level 6.3 Fighting
 + Level 5.7 Armour
 * Level 8.9 Dodging
 * Level 6.5 Stealth
 * Level 10.6 Unarmed Combat


You had 7 spell levels left.
You didn't know any spells.

Dungeon Overview and Level Annotations

Branches:
Dungeon (1/1)

Altars:
Ashenzari
Cheibriados
Dithmenos
Elyvilon
Fedhas
Gozag
Hepliaklqana
Kikubaaqudgha
Makhleb
Nemelex Xobeh
Okawaru
Qazlal
Ru
Sif Muna
Trog
Uskayaw
Vehumet
Wu Jian
Xom
Yredelemnul
Zin
The Shining One
Beogh
Jiyva
Lugonu


Innate Abilities, Weirdness & Mutations

You are too large for most types of armour.
You have claws for hands.
Your metabolism is lightning-fast.
You like to eat raw meat.
Your natural rate of healing is unusually fast.
You are covered in fur. (AC +1)
You have very tough skin. (AC +2)
You possess an exceptional clarity of mind.
Your mind is acute. (Int +2)


Message History

* * * LOW HITPOINT WARNING * * *
The ufetubus hits you.
* * * LOW HITPOINT WARNING * * *
The ufetubus hits you but does no damage.
The ufetubus hits you.
* * * LOW HITPOINT WARNING * * *
The ufetubus hits you.
* * * LOW HITPOINT WARNING * * *
The ufetubus hits you.
* * * LOW HITPOINT WARNING * * *
The hellwing hits you but does no damage.
The hellwing hits you.
* * * LOW HITPOINT WARNING * * *
The ufetubus hits you but does no damage. x2
The ynoxinul gestures at you. The iron shot hits you!
* * * LOW HITPOINT WARNING * * *
The ufetubus hits you but does no damage.
The ufetubus hits you.
You die...

..).##.......##''#####
....##.......##......#
#+####.......##......#
.÷..##...<...###....##
....##.......# ##'(##
....##.......###..).##
######.......##......#
.#..###########.5)...+
%#.############5@45..#
.#.#....#..[[###53(.##
.#+#....#..[[# ##''##
.#%+....+..))# #....#
.#+#....#..))##......#
.+.#....#..))##......#
######################


You could see a hellwing, a ynoxinul and 4 ufetubi.

Vanquished Creatures
  Urug (D)
  An ice devil (D)
  A basilisk (D)
  A hungry ghost (D)
  A porcupine (D)
  A swamp drake (D)
  2 ice beasts (D)
  A necrophage (D)
  An ogre (D)
  A wolf (D)
  A killer bee (D)
  A jelly (D)
  An iron imp (D)
  Jessica (D)
  An adder (D)
  A gnoll (D)
  A leopard gecko (D)
  An orc (D)
  3 bats (D)
  A bat zombie (D)
  A giant cockroach (D)
  A quokka (D)
  A frilled lizard (D)
  A goblin (D)
  A rat (D)
28 creatures vanquished.

Notes
Turn   | Place    | Note
-------+----------+-------------------------------------------
     0 | D        | Kidiri the Troll Monk began the quest for the Orb.
     0 | D        | Reached XP level 1. HP: 22/22 MP: 0/0
    15 | D        | Reached XP level 2. HP: 29/29 MP: 1/1
    44 | D        | Found a bloodstained altar of Trog.
    44 | D        | Found a deep blue altar of Sif Muna.
    44 | D        | Found a viscous altar of Jiyva.
    44 | D        | Found a hazy altar of Hepliaklqana.
    44 | D        | Found an opulent altar of Gozag.
    45 | D        | Found a glowing golden altar of the Shining One.
    45 | D        | Found a glowing silver altar of Zin.
    45 | D        | Found a basalt altar of Yredelemnul.
    45 | D        | Found a shimmering altar of Xom.
    45 | D        | Found an ornate altar of the Wu Jian Council.
    45 | D        | Found a sacrificial altar of Ru.
    45 | D        | Found a stormy altar of Qazlal.
    45 | D        | Found an iron altar of Okawaru.
    45 | D        | Found a sparkling altar of Nemelex Xobeh.
    45 | D        | Found a burning altar of Makhleb.
    45 | D        | Found a blossoming altar of Fedhas.
    45 | D        | Found a white marble altar of Elyvilon.
    45 | D        | Found a shadowy altar of Dithmenos.
    45 | D        | Found a snail-covered altar of Cheibriados.
    47 | D        | Found a radiant altar of Vehumet.
    47 | D        | Found a corrupted altar of Lugonu.
    47 | D        | Found a roughly hewn altar of Beogh.
    48 | D        | Found a hide-covered altar of Uskayaw.
    48 | D        | Found an ancient bone altar of Kikubaaqudgha.
    48 | D        | Found a shattered altar of Ashenzari.
    54 | D        | Became a worshipper of the Wu Jian Council
    54 | D        | Reached * piety under Wu Jian
    54 | D        | Reached ** piety under Wu Jian
    73 | D        | Reached skill level 1 in Armour
    90 | D        | Noticed a wolf
    91 | D        | Reached *** piety under Wu Jian
    93 | D        | Killed a wolf
    93 | D        | Reached skill level 5 in Unarmed Combat
    93 | D        | Reached XP level 3. HP: 37/37 MP: 2/2
    93 | D        | Reached XP level 4. HP: 45/45 MP: 3/3
   166 | D        | Noticed an ice beast
   167 | D        | Noticed Jessica
   168 | D        | Reached **** piety under Wu Jian
   174 | D        | Killed Jessica
   174 | D        | Reached XP level 5. HP: 36/54 MP: 4/4
   177 | D        | Reached ***** piety under Wu Jian
   177 | D        | Reached skill level 5 in Dodging
   177 | D        | Reached skill level 6 in Unarmed Combat
   177 | D        | Killed an ice beast
   177 | D        | Reached skill level 7 in Unarmed Combat
   236 | D        | Noticed a necrophage
   247 | D        | Killed a necrophage
   247 | D        | Reached XP level 6. HP: 62/63 MP: 5/5
   261 | D        | Noticed an ice beast
   261 | D        | Noticed a porcupine
   266 | D        | Killed a porcupine
   266 | D        | Reached skill level 5 in Fighting
   266 | D        | Reached skill level 8 in Unarmed Combat
   278 | D        | Killed an ice beast
   278 | D        | Reached skill level 5 in Stealth
   278 | D        | Reached XP level 7. HP: 53/72 MP: 6/6
   308 | D        | Noticed a hungry ghost
   308 | D        | Noticed an ice devil
   317 | D        | HP: 2/72 [hungry ghost (3)]
   320 | D        | Killed an ice devil
   320 | D        | Reached skill level 9 in Unarmed Combat
   322 | D        | Killed a hungry ghost
   355 | D        | Gained mutation: You possess an exceptional clarity of mind. [potion of mutation]
   355 | D        | Gained mutation: Your mind is acute. (Int +2) [potion of mutation]
   432 | D        | Noticed Urug
   433 | D        | Reached XP level 8. HP: 83/83 MP: 7/7
   436 | D        | Reached skill level 5 in Armour
   450 | D        | Killed Urug
   450 | D        | Reached skill level 10 in Unarmed Combat
   457 | D        | Noticed a hellwing
   469 | D        | HP: 1/84 [ynoxinul/iron shot (10)]
   470 | D        | Slain by an ufetubus

Vault maps used:
D:        pitsprint

Skill      XL: |  1  2  3  4  5  6  7  8 |
---------------+-------------------------+-----
Armour         | 2 3 4 5 |  5.7
Dodging        | 4 6 7 8 |  8.9
Fighting       | 3 4 5 6 |  6.3
Stealth        | 2 3 4 5 6 |  6.5
Unarmed Combat | 5 7 8 9 10 | 10.6

Action                   |  1- 3 |  4- 6 |  7- 9 || total
-------------------------+-------+-------+-------++-------
Melee: Unarmed           |    14 |    38 |    38 ||    90
       Punch             |     2 |     1 |     4 ||     7
Invok: Heavenly Storm    |       |       |     2 ||     2
  Use: Potion            |       |       |     4 ||     4
 Stab: Sleeping          |     2 |     3 |     1 ||     6
  Eat: Chunk             |       |     8 |       ||     8
Armor: Robe              |     4 |     5 |    11 ||    20
Dodge: Dodged            |    15 |    17 |    26 ||    58
